 Dungeon Crawl Stone Soup version 0.29.1-12-g30fa7ad0bf (webtiles) character file.

Game seed: 8901023188831048571

24 RapScallion the Trooper (level 3, 0/29 HPs)
             Began as a Human Fighter on Jan 17, 2023.
             Slain by Sigmund
             ... wielding a +0 scythe
              (7 damage)
             ... on level 2 of the Dungeon.
             The game lasted 00:02:08 (1268 turns).

RapScallion the Trooper (Human Fighter)             Turns: 1268, Time: 00:02:09

Health: 0/29       AC:  6    Str: 18    XL:     3   Next: 15%
Magic:  3/3        EV:  9    Int:  8    God:
Gold:   65         SH:  0    Dex: 12    Spells: 2/2 levels left

rFire   . . .      SeeInvis .   a - +0 long sword
rCold   . . .      Faith    .   c - +0 buckler
rNeg    . . .      Spirit   .   b - +0 scale mail
rPois   .          Reflect  .   (no helmet)
rElec   .          Harm     .   (no cloak)
rCorr   .          Rampage  .   (no gloves)
Will    .....                   (no boots)
Stlth   ..........              (no amulet)
HPRegen 0.09/turn               (no ring)
MPRegen 0.08/turn               (no ring)

@: confused
A: no striking features
a: no special abilities


You were on level 2 of the Dungeon.
You visited 1 branch of the dungeon, and saw 2 of its levels.

You collected 65 gold pieces.

Inventory:

Hand Weapons
 a - a +0 long sword (weapon)
Missiles
 j - 4 poisoned darts (quivered)
Armour
 b - a +0 scale mail (worn)
 c - a +0 buckler (worn)
Scrolls
 e - a scroll of noise {unknown}
 f - 4 scrolls of enchant armour {unknown}
 g - 2 scrolls of teleportation {unknown}
Potions
 d - a potion of might
 h - a potion of invisibility {unknown}
 i - a potion of degeneration {unknown}


   Skills:
 + Level 3.3 Fighting
 + Level 2.4 Long Blades
 + Level 3.3 Armour
 + Level 3.2 Shields


You had 2 spell levels left.
You didn't know any spells.
Your spell library was empty.

Dungeon Overview and Level Annotations

Branches:
Dungeon (2/15)

Altars:

Annotations:
D:2 Sigmund


Message History

The quokka is lightly wounded.
The quokka bites you but does no damage.
Something completely misses you.
You miss the quokka.
The quokka is lightly wounded.
The quokka closely misses you.
The quokka bites you but does no damage.
You block something's attack.
You slash the quokka!
You kill the quokka!
The bat hits you but does no damage. Something hits you but does no damage.
You closely miss the bat. The bat misses you. You block the bat's attack.
You block something's attack.
You hit the bat but do no damage. You block the bat's attack.
The bat misses you.
You slash the bat!
You kill the bat!
You block the bat's attack. Something hits you.
You hit the ball python.
The ball python is moderately wounded.
The ball python bites you but does no damage.
The ball python completely misses you. Something hits you.
The ball python bites you but does no damage.
You block the ball python's attack.
You slash the ball python!
You kill the ball python!
The bat closely misses you. Something hits you.
* * * LOW HITPOINT WARNING * * *
Found a sapphire potion and a rapier.
You block the bat's attack. Something hits you.
* * * LOW HITPOINT WARNING * * *
There is an open door here.
You slash something! The bat hits you but does no damage.
Something hits you but does no damage.
You hit something. The bat closely misses you.
You hear some strange, mumbled words.
You are confused.
You bump into the rock wall.
The bat hits you but does no damage. Something hits you!
You die...

##....)........
..#............
...............
..............
#............
#...b........ #
#..!.{...# .# #@#
####.# #.#
####.....
#.########.....###
#.................
##..##..........##
#.....#.....##.<.
#.##..#....#...##
#>.....#..#......
####....###....##


You could see a bat.

Vanquished Creatures
  2 ball pythons
  3 endoplasms (D:1)
  3 hobgoblins (D:1)
  2 jackals (D:1)
  4 kobolds (D:1)
  A quokka (D:2)
  2 bats
  3 goblins (D:1)
  A rat (D:1)
21 creatures vanquished.

Notes
Turn   | Place    | Note
-------+----------+-------------------------------------------
     0 | D:1      | RapScallion the Human Fighter began the quest for the Orb.
     0 | D:1      | Reached XP level 1. HP: 18/18 MP: 1/1
    51 | D:1      | Reached XP level 2. HP: 9/24 MP: 2/2
   861 | D:1      | Reached XP level 3. HP: 17/29 MP: 3/3
  1253 | D:2      | Noticed Sigmund
  1268 | D:2      | Slain by Sigmund

Illustrated notes

Levels and vault maps discovered:
D:1:      scummos_arrival_hexagon, layout_basic
D:2:      layout_basic, minmay_misc_feat_chi, minmay_lizard_king, uniq_natasha,
          uniq_sigmund

Action                   || total
-------------------------++-------
Melee: Long sword        ||    56
Armor: Scale mail        ||    29
Dodge: Dodged            ||    22
Block: Buckler           ||    19
